AoeStats
← CR@cid

Black Forest

503476457Analyzed
3v3 RM · 1mo ago on Aug 31, 2026· 57m 18s· 6 players
Game mode
Random Map
Map size
Normal (6 player)
Population
200
Speed
Normal
Resources
Standard
Victory
Conquest
Starting age
Dark Age
Ending age
Imperial Age
RankedLock teamsTeams togetherTeam positionsShared explorationLock speedFull tech treeHidden civsTurbo modeCheats
Victory
Defeat
🇬🇧 Mongols · United Kingdom
1010
+14
🇩🇰 Britons · Denmark
1002
+15
🇬🇧 Turks · United Kingdom
928
+18
🇩🇪 Spanish · Germany
1075
-20
🇩🇪 Bohemians · Germany
1037
-19
🇩🇪 Romans · Germany
811
-9
qu4nt0r3n5chw31n
2:29 Loom
12:25 Feudal Age
12:55 Double-Bit Axe
17:15 Castle Age
17:40 Double-Bit Axe
19:43 Fervor
19:54 Sanctity
20:08 Bow Saw
20:36 Horse Collar
20:42 Fishing Lines
22:34 Wheelbarrow
22:33 Heavy Plow
24:08 Hand Cart
29:27 Imperial Age
29:48 Chemistry
30:30 Pikeman
31:14 Scale Mail Armor
32:37 Two-Man Saw
32:18 Chain Mail Armor
32:15 Forging
32:20 Squires
32:05 Arson
32:39 Siege Engineers
32:31 Murder Holes
33:19 Halberdier
35:44 Plate Mail Armor
35:50 Iron Casting
35:09 Elite Hussite Wagon
36:10 Conscription
37:33 Fletching
43:51 Wagenburg Tactics
43:43 Houfnice
CR@cid
14:15 Feudal Age
17:18 Double-Bit Axe
17:17 Horse Collar
18:31 Wheelbarrow
17:42 Town Watch
18:11 Stone Mining
19:20 Gold Mining
20:24 Loom
20:51 Fishing Lines
26:32 Castle Age
27:00 Fletching
27:21 Forging
27:36 Bow Saw
27:31 Heavy Plow
28:13 Gold Shaft Mining
28:29 Town Patrol
28:45 Hand Cart
29:12 Iron Casting
28:33 Bodkin Arrow
34:16 Ballistics
36:36 Ballistas
43:30 Imperial Age
44:00 Heavy Scorpion
47:57 Chemistry
48:10 Blast Furnace
54:57 Elite Centurion
55:59 Comitatenses
basstler
0:49 Loom
14:22 Feudal Age
18:36 Castle Age
16:57 Double-Bit Axe
18:35 Wheelbarrow
22:20 Bow Saw
21:56 Horse Collar
25:26 Heavy Plow
27:30 Hand Cart
28:38 Gold Mining
28:38 Stone Mining
29:10 Padded Archer Armor
32:37 Imperial Age
31:58 Leather Archer Armor
31:25 Elite Skirmisher
31:58 Fletching
33:04 Bodkin Arrow
34:49 Ballistics
35:29 Chemistry
34:35 Bracer
35:05 Ring Archer Armor
34:39 Cavalier
38:41 Paladin
43:16 Conscription
42:16 Elite Conquistador
43:18 Forging
43:13 Scale Barding Armor
43:17 Thumb Ring
49:38 Iron Casting
49:23 Chain Barding Armor
51:40 Blast Furnace
50:41 Scale Mail Armor
56:40 Chain Mail Armor
55:48 Pikeman
56:29 Squires
56:35 Elite Conquistador
Vapourizer
13:10 Feudal Age
13:52 Horse Collar
13:58 Double-Bit Axe
16:10 Wheelbarrow
15:24 Loom
19:57 Castle Age
19:38 Wheelbarrow
18:49 Loom
21:26 Bow Saw
21:19 Heavy Plow
28:42 Hand Cart
30:58 Gold Mining
30:59 Stone Mining
34:01 Padded Archer Armor
34:12 Forging
33:53 Fletching
34:04 Scale Mail Armor
34:09 Scale Barding Armor
38:05 Imperial Age
35:23 Town Watch
36:17 Leather Archer Armor
36:37 Iron Casting
35:58 Bodkin Arrow
36:26 Arson
36:41 Squires
37:49 Sipahi
37:44 Husbandry
37:54 Bloodlines
41:04 Elite Janissary
43:35 Gold Shaft Mining
43:48 Ring Archer Armor
43:20 Bracer
44:20 Blast Furnace
43:36 Chain Mail Armor
43:41 Chain Barding Armor
44:54 Thumb Ring
45:15 Parthian Tactics
47:45 Coinage
47:15 Caravan
49:56 Artillery
50:32 Hoardings
50:33 Plate Mail Armor
50:41 Plate Barding Armor
Ëroo
10:56 Feudal Age
15:06 Castle Age
14:02 Double-Bit Axe
15:17 Horse Collar
20:12 Bow Saw
23:53 Wheelbarrow
23:03 Loom
23:56 Stone Mining
23:56 Gold Mining
24:13 Heavy Plow
25:04 Gold Mining
25:14 Fletching
29:18 Imperial Age
28:10 Yeomen
28:03 Bodkin Arrow
28:09 Padded Archer Armor
27:59 Pikeman
29:15 Hand Cart
30:04 Ballistics
31:01 Conscription
31:29 Bracer
32:26 Gold Shaft Mining
33:43 Chemistry
33:16 Elite Longbowman
37:13 Leather Archer Armor
36:40 Halberdier
37:20 Squires
37:06 Gambesons
37:23 Scale Mail Armor
37:33 Forging
37:52 Town Watch
38:16 Siege Engineers
38:21 Masonry
37:52 Treadmill Crane
38:07 Murder Holes
39:07 Chain Mail Armor
39:16 Town Patrol
40:29 Hoardings
41:06 Warwolf
43:40 Scale Barding Armor
44:06 Ring Archer Armor
44:12 Iron Casting
44:14 Husbandry
43:35 Cavalier
45:09 Hoardings
45:46 Chain Barding Armor
45:48 Elite Skirmisher
48:02 Blast Furnace
47:45 Architecture
49:35 Caravan
50:06 Coinage
49:46 Guilds
52:41 Banking
< blank >
4:36 Loom
12:43 Feudal Age
17:33 Castle Age
16:03 Double-Bit Axe
17:14 Horse Collar
21:33 Bow Saw
22:12 Heavy Plow
23:05 Stone Mining
23:07 Gold Mining
24:33 Wheelbarrow
27:35 Hand Cart
32:36 Imperial Age
32:20 Forging
32:16 Scale Barding Armor
33:07 Gold Shaft Mining
32:13 Pikeman
33:37 Iron Casting
33:07 Husbandry
33:19 Bloodlines
33:24 Elite Steppe Lancer
37:05 Blast Furnace
37:05 Chain Barding Armor
39:06 Fletching
39:16 Padded Archer Armor
39:17 Scale Mail Armor
40:44 Stone Shaft Mining
44:22 Squires
56:57 Arson
56:57 Arson
Connection lost

Rejoining the realm…

Still unreachable

The connection could not be restored.

Session expired

The server has moved on; the page needs a fresh start.